 Dungeon Crawl Stone Soup version 0.19-a0-1908-g43c011f (webtiles) character file.

95 kae the Sneak (level 4, -2/21 HPs)
             Began as a Spriggan Enchanter on Oct 22, 2016.
             Slain by a gnoll
             ... wielding a +0 flail
              (7 damage)
             ... on level 2 of the Dungeon.
             The game lasted 00:01:31 (1454 turns).

kae the Sneak (Spriggan Enchanter)                  Turns: 1454, Time: 00:01:32

Health: -2/21      AC:  3    Str:  4    XL:     4   Next: 40%
Magic:  0/9        EV: 18    Int: 16    God:
Gold:   84         SH:  0    Dex: 17    Spells: 2 memorised, 6 levels left

rFire  . . .     SeeInvis +     a - +1 dagger
rCold  . . .     Gourm    .     b - +1 robe
rNeg   . . .     Faith    .     (shield restricted)
rPois  .         Spirit   .     (helmet restricted)
rElec  .         Reflect  .     (no cloak)
rCorr  .         Harm     .     (gloves unavailable)
MR     .....                    (boots unavailable)
Stlth  +++.......               (no amulet)
                                (no ring)
                                (no ring)

@: very quick
A: unfitting armour, see invisible, herbivore 3, speed 3, slow metabolism 2
a: no special abilities


You were on level 2 of the Dungeon.
You were not hungry.

You visited 1 branch of the dungeon, and saw 2 of its levels.

You collected 84 gold pieces.

Inventory:

Hand Weapons
 a - a +1 dagger (weapon)
Armour
 b - a +1 robe (worn)
Jewellery
 i - a cursed ring of loudness {unknown}
 k - an uncursed ring of positive energy {unknown}
Scrolls
 e - 2 scrolls of teleportation {unknown}
 f - a scroll of immolation {unknown}
 g - a scroll of random uselessness {unknown}
 h - 3 scrolls of identify {unknown}
 l - a scroll of remove curse {unknown}
Potions
 j - a potion of heal wounds {unknown}
 n - a potion of ambrosia {unknown}
 o - a potion of cancellation {unknown}
Books
 c - a book of Maledictions

   Spells                             Type                      Level
   a - Corona                         Hexes                        1
   b - Ensorcelled Hibernation        Hexes/Ice                    2
   c - Confuse                        Hexes                        3
   d - Tukima's Dance                 Hexes                        3
   e - Dazzling Spray                 Conjuration/Hexes            3
Comestibles
 d - 3 bread rations
 m - a royal jelly


   Skills:
 * Level 2.7 Short Blades
 - Level 3.0 Dodging
 * Level 6.0 Stealth
 + Level 3.3 Spellcasting
 + Level 4.2 Hexes


You had 6 spell levels left.
You knew the following spells:

 Your Spells              Type           Power        Failure   Level  Hunger
a - Corona                Hex            ###....      3%          1    None
b - Ensorcelled Hibernat  Hex/Ice        #.....       14%         2    ##.....


Dungeon Overview and Level Annotations

Branches:
Dungeon (2/15)

Altars:
Kikubaaqudgha


Innate Abilities, Weirdness & Mutations

You are very small and have problems with some larger weapons.
You are too small for most types of armour.
You have supernaturally acute eyesight. (SInv)
You are a herbivore.
You cover ground extremely quickly.
You need consume almost no food.


Message History

The gnoll is outlined in light.
Casting: Corona
Confirm with . or Enter, or press ? or * to list all spells.
Aiming: Corona
Press: ? - help, Shift-Dir - straight line, f/p - gnoll
Aim: a gnoll, wielding a flail (severely wounded, softly glowing, chance to defeat MR: 62%)
The gnoll glows brighter.
The gnoll hits you with a flail.
* * * LOW HITPOINT WARNING * * *
You hit the gnoll but do no damage.
The gnoll is severely wounded.
The gnoll closely misses you.
You hit the gnoll but do no damage.
The gnoll is heavily wounded.
The gnoll barely misses you.
You hit the gnoll but do no damage.
The gnoll is heavily wounded.
You hit the gnoll but do no damage.
The gnoll is heavily wounded.
The gnoll hits you with a flail!
You die...

#....).†........######
#.......†.......#
#...............#
#...............# #
#...............# #
#...............# #
#...............# #
###.............# #
#..@..........#
#+#+#Pg.###########
#...'†..# #...#P.##
#.. #..# ## #..# ####


You could see a gnoll.

Vanquished Creatures
  2 hounds (D:2)
  A dart slug (D:1)
  A leopard gecko (D:1)
  A giant cockroach (D:1)
  5 goblins
  7 hobgoblins
  3 jackals (D:1)
  4 kobolds
  2 bats (D:2)
  2 rats (D:1)
28 creatures vanquished.

Notes
Turn   | Place    | Note
-------+----------+-------------------------------------------
     0 | D:1      | kae the Spriggan Enchanter began the quest for the Orb.
     0 | D:1      | Reached XP level 1. HP: 9/9 MP: 5/5
   252 | D:1      | Reached XP level 2. HP: 11/13 MP: 6/6
   256 | D:1      | Learned a level 2 spell: Ensorcelled Hibernation
   534 | D:1      | Reached skill level 5 in Stealth
   806 | D:1      | Reached XP level 3. HP: 15/16 MP: 8/8
  1205 | D:2      | Found an ancient bone altar of Kikubaaqudgha.
  1430 | D:2      | Reached skill level 6 in Stealth
  1430 | D:2      | Reached XP level 4. HP: 15/21 MP: 2/9
  1454 | D:2      | Slain by a gnoll

Vault maps used:
D:1:      scummos_arrival_hexagon, minmay_tromino_mix6
D:2:      nicolae_overflow_crystal_walls, cheibrodos_gnoll_hut

Skill      XL: |  1  2  3 |
---------------+----------+-----
Hexes          | 4 |  4.2
Short Blades   | 2 |  2.7
Stealth        | 5 6 |  6.0
Spellcasting   | 3 |  3.3
Dodging        | |  3.0

Action                   |  1- 3 |  4- 6 || total
-------------------------+-------+-------++-------
Melee: Dagger            |    92 |    18 ||   110
 Cast: Corona            |     2 |     2 ||     4
       Ensorcelled Hiber |    17 |     1 ||    18
 Stab: Sleeping          |    16 |       ||    16
Armor: Robe              |    10 |       ||    10
Dodge: Dodged            |    89 |    11 ||   100
